Map: Ruins of Seras

Players

MorN - Winner!

  • Race: Terran Terran
  • League: Master

Hegemon

  • Race: Zerg Zerg
  • League: Diamond

VOD

Have the link to the VOD?

Description

Time

  • Played on: Dec. 6, 2015, 3:13 a.m.
  • Length: 10:35
Show
View Real Time Build Order
Export as new Build Order

MorN Terran - Winner!

Build Orders: Reaper Expand, MMM Bio 

Get SALT Encoding   

  12  0:00  SCV  
  13  0:12  SCV  
  14  0:18  Supply Depot  
  14  0:24  SCV  
  15  0:39  SCV  
  15  0:41  Barracks  
  16  0:46  Refinery  
  16  0:51  SCV  
  17  1:03  SCV  
  18  1:15  SCV  
  19  1:29  Orbital Command  
  19  1:30  Reaper  
  20  1:42  Command Center  
  20  1:55  SCV, Supply Depot  
  21  2:07  Barracks Reactor  
  21  2:12  SCV  
  21  2:14  Barracks  
  22  2:21  Barracks  
  22  2:25  SCV  
  24  2:37  SCV  
  24  2:43  Factory  
  24  2:45  Marine  
  24  2:46  Marine  
  26  2:51  SCV  
  26  2:56  Orbital Command  
  27  3:01  Barracks Tech Lab  
  27  3:03  SCV  
  28  3:06  Refinery  
  28  3:12  Marine  
  28  3:13  Marine  
  28  3:14  Supply Depot  
  28  3:15  SCV  
  31  3:22  Stimpack, Marine x2  
  31  3:27  SCV  
  34  3:39  Starport  
  34  3:40  SCV x2  
  36  3:42  Marine x2  
  36  3:45  Marine x2  
  40  3:51  Factory Reactor  
  40  3:52  SCV  
  41  4:02  Marine  
  42  4:03  SCV  
  42  4:09  Supply Depot  
  42  4:10  SCV  
  42  4:11  Bunker  
  42  4:15  SCV  
  44  4:20  Marine  
  44  4:21  Marine x3  
  44  4:22  SCV  
  49  4:36  Supply Depot  
  49  4:37  Medivac x2  
  52  4:38  Marine x2  
  52  4:39  SCV  
  52  4:42  Supply Depot  
  52  4:45  SCV  
  56  4:47  Supply Depot  
  56  4:51  SCV  
  54  5:01  Marauder, Marine x3  
  54  5:03  SCV x2  
  56  5:18  Marine  
  52  5:23  Marine x2  
  52  5:24  Marauder  
  52  5:26  SCV x2  
  56  5:38  SCV x2  
  58  5:44  Command Center, Barracks Tech Lab  
  58  5:45  Factory Reactor  
  58  5:48  Barracks Reactor, Combat Shields  
  58  5:50  SCV x2  
  60  6:02  SCV, Bunker  
  60  6:03  SCV, Marine  
  60  6:04  Marine x2  
  64  6:05  Medivac  
  67  6:14  SCV  
  67  6:15  SCV  
  69  6:21  Marine x3  
  68  6:27  SCV x2  
  68  6:29  Marine x2  
  69  6:33  Refinery  
  69  6:34  Engineering Bay x2  
  69  6:39  SCV x2, Marine  
  72  6:40  Marauder  
  72  6:46  Widow Mine x2, Marine  
  75  6:47  Marine  
  75  6:51  SCV  
  75  6:54  Medivac x2  
  86  6:57  Supply Depot  
  86  7:00  Supply Depot  
  87  7:01  Marauder  
  87  7:03  SCV  
  87  7:06  Terran Infantry Weapons Level 1  
  88  7:09  Refinery  
  88  7:15  Marine x2  
  88  7:16  SCV  
  88  7:20  Barracks  
  88  7:21  Barracks  
  93  7:23  Marauder  
  93  7:25  Marine x2  
  95  7:35  Marine  
  95  7:42  Marine  
  97  7:44  Marine, Marauder  
  97  7:45  Marine  
  99  7:54  SCV x2  
  103  8:05  Marauder  
  103  8:14  Marine x2  
  103  8:18  Terran Infantry Armor Level 1, Missile Turret  
  103  8:19  Barracks Tech Lab, Missile Turret  
  105  8:20  Barracks Reactor x2  
  100  8:27  Marauder  
  100  8:28  Marine x2  
  100  8:29  Widow Mine x2  
  100  8:30  Medivac x2  
  100  8:31  Marine  
  100  8:33  Orbital Command  
  111  8:34  SCV  
  111  8:36  Marine  
  113  8:41  SCV  
  113  8:46  SCV, Marine x2  
  116  8:49  Marine  
  116  8:50  Marauder  
  117  8:57  Starport  
  117  8:58  Supply Depot  
  117  8:59  Supply Depot  
  117  9:01  Armory  
  117  9:02  Supply Depot  
  117  9:03  Supply Depot  
  117  9:04  Missile Turret  
  117  9:19  SCV x3, Marine x3  
  117  9:20  Marauder  
  117  9:22  Marine x2  
  124  9:29  Marine x2  
  124  9:30  Widow Mine x2  
  124  9:40  Marine x2  
  124  9:41  Marauder, Marine  
  124  9:42  SCV  
  130  9:46  Starport  
  128  9:58  Marine x3  
  131  10:00  Starport Reactor  
  131  10:02  Marauder  
  132  10:09  Marine x3  
  132  10:13  Command Center  
  139  10:17  Marine  
  139  10:20  SCV  
  139  10:21  SCV x2  
  140  10:22  Barracks x2  
  140  10:23  Refinery, Barracks  
  140  10:25  Refinery  
Show
View Real Time Build Order
Export as new Build Order

Hegemon Zerg 

Build Orders: Hatch First, Muta Ling Bane 

Get SALT Encoding   

  12  0:00  Drone  
  13  0:12  Overlord  
  13  0:17  Drone  
  14  0:31  Drone x2  
  14  0:34  Drone  
  17  0:45  Drone  
  18  0:58  Hatchery  
  18  1:00  Drone  
  18  1:13  Spawning Pool  
  18  1:16  Drone  
  18  1:20  Extractor  
  18  1:25  Drone  
  18  1:30  Drone  
  19  1:39  Overlord  
  19  1:49  Drone  
  20  1:59  Queen  
  22  2:01  Drone  
  23  2:10  Queen, Zergling x2  
  23  2:11  Zergling x2  
  27  2:21  Metabolic Boost, Drone  
  28  2:23  Drone  
  29  2:32  Drone  
  29  2:34  Drone  
  31  2:42  Drone  
  32  2:48  Drone  
  33  2:54  Queen  
  33  2:57  Drone, Extractor  
  35  2:59  Extractor  
  35  3:00  Roach Warren  
  35  3:04  Drone  
  35  3:05  Drone  
  35  3:06  Drone  
  35  3:11  Overlord  
  36  3:27  Overlord  
  36  3:34  Overlord  
  36  3:37  Drone  
  36  3:41  Roach x3  
  43  3:43  Drone  
  43  3:46  Roach  
  43  3:47  Roach x2  
  50  4:09  Overlord, Roach  
  52  4:11  Ravager  
  52  4:12  Ravager x3  
  56  4:23  Drone x3  
  59  4:25  Drone  
  59  4:29  Drone  
  61  4:36  Lair, Hatchery  
  42  5:30  Zergling x6  
  42  5:33  Drone x2  
  42  5:35  Drone, Zergling x4  
  49  5:36  Zergling x2  
  49  5:39  Spire, Extractor, Zergling x6  
  49  5:40  Roach x2  
  54  5:49  Baneling Nest  
  53  5:52  Roach x3  
  59  6:00  Roach  
  59  6:01  Roach x2  
  67  6:04  Roach x4  
  67  6:06  Overlord  
  64  6:31  Spire  
  60  6:34  Drone x3  
  60  6:38  Drone x3  
  66  6:43  Drone x3  
  69  6:50  Overlord  
  69  6:54  Drone  
  69  6:57  Extractor  
  69  6:58  Drone x2, Extractor  
  70  7:08  Roach x2  
  74  7:17  Drone x2  
  74  7:20  Zergling x6  
  74  7:21  Centrifical Hooks  
  74  7:22  Baneling x2  
  79  7:24  Drone x2  
  75  7:45  Drone x4  
  75  7:49  Mutalisk  
  75  7:50  Overlord  
  81  7:52  Overlord  
  81  7:57  Overlord  
  81  7:58  Drone  
  82  8:07  Overlord  
  82  8:12  Overlord  
  71  8:27  Mutalisk x3  
  71  8:28  Mutalisk  
  71  8:29  Mutalisk x4  
  71  8:30  Drone  
  88  8:37  Zergling x4  
  88  8:38  Zergling x2  
  89  8:45  Mutalisk  
  90  8:54  Drone x2  
  92  8:56  Drone  
  92  8:58  Drone  
  92  9:00  Drone  
  95  9:05  Queen  
  95  9:07  Drone  
  95  9:09  Drone  
  92  9:27  Zergling x4  
  92  9:29  Zergling x6  
  89  9:31  Zergling x2  
  89  9:36  Zergling x10  
  95  9:44  Zergling x4  
  95  9:45  Zergling x2  
  87  9:57  Zergling x6  
  87  9:58  Zergling x2  
  87  9:59  Baneling  
Tags
 
Add a new tag
Caveats
  • Supply blocks, unpowered buildings, or Contaminate may cause inaccurate times.
  • Supply counts are checked every 10 seconds.